 Dungeon Crawl Stone Soup version 0.31-a0-675-g238779eb0a (webtiles) character file.

Game seed: 3214362016046238269

66679 jlumianski the Demonic Catastrophe (level 14, -25/115 HPs)
             Began as a Demonspawn Fighter on Sept 5, 2023.
             Was an Elder of Qazlal.
             Killed from afar by a fire dragon (87 damage)
             ... with a blast of flame
             ... on level 15 of the Dungeon.
             The game lasted 01:44:26 (24612 turns).

jlumianski the Demonic Catastrophe (DsFi)          Turns: 24612, Time: 01:44:26

Health: -25/115    AC: 35    Str: 28    XL:     14   Next: 80%
Magic:  24/24      EV:  8    Int: 13    God:    Qazlal [****..]
Gold:   292        SH: 12    Dex: 14    Spells: 13/13 levels left

rFire   x . .        f - +2 broad axe (flame)
rCold   . . .        c - +0 buckler
rNeg    . . .        r - +8 plate armour "Vuicipli" {Harm rF- Str+4 Int+4}
rPois   .            U - +2 hat
rElec   +            t - +2 cloak {Will+}
rCorr   .            (gloves unavailable)
SInv    .            F - +2 pair of boots
Will    +++..        l - amulet of the Salmon {Regen+ Str+3} Stlth
                     B - +4 ring of slaying
HPRegen 1.19/turn    q - ring of willpower
MPRegen 0.19/turn

%: harm (+30% outgoing, +20% incoming), repel missiles
@: no status effects
A: claws 3, thin metallic scales 3, demonic guardian 1, demonic magic 1
a: Renounce Religion, Upheaval, Elemental Force


You were on level 15 of the Dungeon.
You worshipped Qazlal.
Qazlal was greatly pleased with you.
You visited 3 branches of the dungeon, and saw 21 of its levels.
You also visited: Ossuary and Volcano.

You collected 1174 gold pieces.
You spent 882 gold pieces at shops.

Inventory:

Hand Weapons
 f - a +2 broad axe of flaming (weapon)
 C - the +5 trident of the Breathing Coward {drain, rPois Int+6}
   (You found it on level 13 of the Dungeon)

   Int+6:     It affects your intelligence (+6).
   rPois:     It protects you from poison
 K - the +5 dire flail "Seuxel" {freeze, Fly rCorr Int+2}
   (You took it off a fire giant on level 12 of the Dungeon)

   Int+2:     It affects your intelligence (+2).
   Fly:       It grants you flight.
   rCorr:     It protects you from acid and corrosion.
Missiles
 k - 39 poisoned darts (quivered)
 G - 20 javelins
 J - 3 boomerangs
 T - 5 curare-tipped darts
Armour
 c - a +0 buckler (worn)
 r - the +8 plate armour "Vuicipli" (worn) {Harm rF- Str+4 Int+4}
   (You acquired it on level 3 of the Lair of Beasts)

   Str+4:     It affects your strength (+4).
   Int+4:     It affects your intelligence (+4).
   rF-:       It makes you vulnerable to fire.
   Harm:      It increases damage dealt and taken.
 t - a +2 cloak of willpower (worn)
 F - a +2 pair of boots (worn)
 U - a +2 hat (worn)
Jewellery
 g - a ring of resist corrosion
 l - the amulet of the Salmon (around neck) {Regen+ Str+3}
   (You found it on level 1 of the Lair of Beasts)

   [amulet of regeneration]

   Str+3:     It affects your strength (+3).
   Regen+:    It increases your rate of health regeneration.
 q - a ring of willpower (right claw)
 B - a +4 ring of slaying (left claw)
 I - a ring of positive energy
 M - a ring of fire
 O - a ring of protection from fire
 P - a ring of see invisible
 Q - a ring of poison resistance
Wands
 a - a wand of polymorph (5)
 u - a wand of flame (43)
 z - a wand of mindburst (17)
 N - a wand of quicksilver (15)
 R - a wand of iceblast (24)
Scrolls
 h - 3 scrolls of silence
 j - 4 scrolls of revelation
 m - 2 scrolls of teleportation
 y - 3 scrolls of fog
 A - a scroll of identify
 E - a scroll of fear
 L - 2 scrolls of poison
Potions
 d - a potion of resistance
 o - 6 potions of cancellation
 s - 4 potions of heal wounds
 x - a potion of haste
 D - 5 potions of invisibility
 S - 4 potions of curing
 V - 2 potions of enlightenment
 Y - a potion of attraction
Miscellaneous
 H - a lightning rod (3/4)


   Skills:
 * Level 12.0 Fighting
 + Level 13.9 Axes
 + Level 1.0 Throwing
 + Level 9.3 Armour
 - Level 2.9 Dodging
 + Level 8.5 Shields
 * Level 13.9 Invocations
 * Level 8.1 Evocations


You had 13 spell levels left.
You didn't know any spells.
Your spell library contained the following spells:

 Spells                   Type           Power      Damage    Failure   Level
 Freeze                   Ice            0%         1d3       96%         1
 Kiss of Death            Conj/Necr      0%         2d5       96%         1
 Shock                    Conj/Air       0%         1d3       96%         1
 Summon Small Mammal      Summ           0%         N/A       96%         1
 Poisonous Vapours        Pois/Air       0%         N/A       99%         2
 Call Canine Familiar     Summ           0%         N/A       100%        3
 Confusing Touch          Hex            0%         N/A       100%        3
 Frozen Ramparts          Ice            0%         1d1       100%        3
 Gell's Gravitas          Tloc           0%         N/A       100%        3
 Hailstorm                Conj/Ice       0%         3d3       100%        3
 Mephitic Cloud           Conj/Pois/Air  0%         N/A       100%        3
 Ozocubu's Armour         Ice            0%         N/A       100%        3
 Portal Projectile        Hex/Tloc       0%         N/A       100%        3
 Summon Guardian Golem    Hex/Summ       0%         N/A       100%        3
 Swiftness                Air            0%         N/A       100%        3
 Teleport Other           Tloc           0%         N/A       100%        3
 Airstrike                Air            0%         2d(0-16)  100%        4
 Anguish                  Hex/Necr       0%         N/A       100%        4
 Cause Fear               Hex            0%         N/A       100%        4
 Dispel Undead            Necr           0%         3d6       100%        4
 Leda's Liquefaction      Hex/Erth       0%         N/A       100%        4
 Freezing Cloud           Conj/Ice/Air   0%         6-21      100%        5
 Metabolic Englaciation   Hex/Ice        0%         N/A       100%        5
 Dispersal                Tloc           0%         N/A       100%        6
 Simulacrum               Ice/Necr       0%         N/A       100%        6
 Enfeeble                 Hex            0%         N/A       100%        7


Dungeon Overview and Level Annotations

Branches:
Dungeon (15/15)            Temple (1/1) D:4            Lair (5/5) D:11
  Swamp (0/4) Lair:3        Snake (0/4) Lair:3        Slime (0/5) Lair:4
    Orc (0/2) D:10         Vaults (0/5) D:14        Ossuary (visited)
Volcano (visited)
 Depths: D:15

Altars:
Ashenzari
Cheibriados
Dithmenos
Fedhas
Gozag
Hepliaklqana
Kikubaaqudgha
Makhleb
Nemelex Xobeh
Okawaru
Qazlal
Ru
Sif Muna
Trog
Uskayaw
Vehumet
Wu Jian
Xom
Yredelemnul
Jiyva

Shops:
D:1 [[(?=   D:11 :

Annotations:
D:5 3 runed translucent doors, hgbash's ghost, novice SpSh
D:8 1 runed translucent door, arthad's ghost, journeyman TrSh
D:15 Nessos
Lair:3 1 runed translucent door, quinnr's ghost, journeyman TeAE


Innate Abilities, Weirdness & Mutations

You have claws for hands.
You are completely covered in thin metallic scales. (AC +4, rElec)
A weak demonic guardian rushes to your aid.
Spells you cast may paralyse adjacent enemies.


Message History

R - a wand of iceblast (25) (gained 4 charges)
You hear a deafening roar!
You hear a deafening roar!
Found 24 gold pieces.
You hear a deafening roar!
y - 3 scrolls of fog (gained 1)
Aiming: Thunderbolt
Press: ? - help, Shift-Dir - straight line, f - fire dragon
Aim: a fire dragon The thunderbolt hits the fire dragon.
The fire dragon is lightly wounded.
Aiming: Iceblast
Press: ? - help, Shift-Dir - straight line, f/p - fire dragon
Aim: a fire dragon (lightly wounded)
The mass of ice explodes!
The iceblast engulfs the fire dragon!!
The fire dragon is frozen!
The fire dragon is heavily wounded.
You barely miss the fire dragon.
The fire dragon is heavily wounded.
You block the fire dragon's attack.
The fire dragon claws you but does no damage.
You block the fire dragon's attack.
You slash the fire dragon!
The fire dragon is heavily wounded.
The fire dragon bites you but does no damage.
You block the fire dragon's attack. The fire dragon barely misses you.
You hit the fire dragon.
The fire dragon is heavily wounded.
The fire dragon bites you. The fire dragon claws you.
The fire dragon tramples you but does no damage.
You slash the fire dragon!
The fire dragon is almost dead.
The fire dragon breathes flames at you. The blast of flame hits you!!!
The fire burns you terribly!
You hit the fire dragon.
The fire dragon is almost dead.
The fire dragon breathes flames at you. The blast of flame hits you!!!!
The fire burns you terribly!
Ouch! That really hurt!
You die...

#..####.# ......
.....#.... ...
#..........$...#..........
..# .............?.....
.#..... ... #.......#
#..#..... ...
#.......###....... ..#
#...........°☼.○. ###..
#....##.###☼○D######...
#....#.......@.......#
#...........°.§####..#
#......).............#
#..............####.....#
#..............# #######
#......#+##....# .
#..........#####..
#.........##.....#
#........##...#


You could see a fire dragon (catching breath).

Vanquished Creatures
  A fire giant (D:12)
  A red draconian (Volcano)
  Josephine (D:11)
  Fannar (Lair:3)
  A hydra (Lair:4)
  A death knight (D:12)
  3 boulder beetles
  8 centaur warriors
  5 two-headed ogres
  2 tengu warriors (D:13)
  Urug (Lair:3)
  6 death yaks
  Sonja (D:12)
  A skyshark (Lair:4)
  A skeletal warrior (D:13)
  A phantasmal warrior (D:13)
  An orc knight (D:14)
  The ghost of jejorda2 the Chopper, a novice GnBe of Trog (D:6)
  4 deep elf pyromancers
  3 cyclopes
  3 manticores (D:13)
  10 ugly things
  2 oklob plants
  6 elephants (Lair:3)
  Maurice (D:11)
  4 black mambas
  A water nymph (shapeshifter) (D:12)
  2 gargoyles
  A torpor snail (Lair:3)
  A komodo dragon (shapeshifter) (D:14)
  Jeremiah (D:7)
  An unseen horror (D:9)
  6 cane toads
  3 yaktaurs
  A kobold demonologist (D:12)
  2 rime drakes
  2 efreet
  9 komodo dragons
  2 tengu conjurers
  A hornet (Lair:2)
  4 trolls
  3 polar bears
  10 blink frogs
  6 slime creatures
  Sigmund (D:2)
  A wyvern (D:7)
  A shadow (D:10)
  37 yaks
  9 wraiths
  2 basilisks (Lair:1)
  10 fire bats (Volcano)
  A vampire mosquito (D:14)
  4 steam dragons
  3 nagas (Lair:3)
  2 acid dragons
  6 water moccasins
  An ice beast (D:7)
  A sky beast (D:9)
  An ogre (D:5)
  7 orc warriors
  6 wolves (Lair:2)
  4 centaurs
  A centaur (shapeshifter) (D:12)
  2 kobold brigands (D:8)
  An elf zombie (Ossuary)
  17 bullfrogs
  A gnoll sergeant (D:13)
  2 scorpions
  6 wights
  11 killer bees
  5 howler monkeys
  An electric eel (Lair:2)
  2 centaur zombies (Ossuary)
  4 lava snakes (Volcano)
  A human zombie (Ossuary)
  7 hounds
  3 jellies
  9 orc priests
  15 orc wizards
  Ijyb (D:5)
  7 iguanas
  A mummy (Ossuary)
  8 adders
  A shadow imp (D:5)
  An ufetubus (D:4)
  2 adder zombies (Ossuary)
  A dart slug (D:1)
  32 orcs
  2 bats
  9 endoplasms
  5 goblins
  7 hobgoblins
  14 kobolds
  2 quokkas
  4 ball pythons
  A frilled lizard (D:1)
  A goblin zombie (Ossuary)
  10 hobgoblin zombies (Ossuary)
  6 kobold zombies (Ossuary)
  9 orc zombies (Ossuary)
  5 rats
  3 rat zombies (Ossuary)
443 creatures vanquished.

Vanquished Creatures (collateral kills)
  3 two-headed ogres
  An ogre mage (Volcano)
  An ugly thing (D:14)
  Joseph (D:9)
  A fire bat (Volcano)
  5 yaks
  A wight (D:8)
  A human zombie (Ossuary)
  A mummy (Ossuary)
  A kobold zombie (Ossuary)
16 creatures vanquished.

Grand Total: 459 creatures vanquished

Notes
Turn   | Place    | Note
-------+----------+-------------------------------------------
     0 | D:1      | jlumianski the Demonspawn Fighter began the quest for the
                  | Orb.
     0 | D:1      | Reached XP level 1. HP: 18/18 MP: 1/1
    73 | D:1      | Found Measiwas's Antique Armour Emporium.
   149 | D:1      | Found Exzipnek's Jewellery Emporium.
   207 | D:1      | Found Iceecy's Magic Scroll Boutique.
   211 | D:1      | Bought a scroll of identify for 24 gold pieces
   305 | D:1      | Gained mutation: You have sharp fingernails. [demonic
                  | ancestry]
   305 | D:1      | Reached XP level 2. HP: 17/24 MP: 2/2
   338 | D:1      | Found Ahiso's Antique Weapon Boutique.
   428 | D:1      | Found Putidd's Armour Shoppe.
   673 | D:2      | Noticed Sigmund
   679 | D:2      | Killed Sigmund
   680 | D:2      | Reached XP level 3. HP: 21/30 MP: 3/3
   680 | D:2      | Gained mutation: You have very sharp fingernails. [demonic
                  | ancestry]
   680 | D:2      | Reached XP level 4. HP: 26/37 MP: 4/4
   680 | D:2      | Reached XP level 5. HP: 29/42 MP: 5/5
  1521 | D:3      | Found a faded altar of an unknown god.
  1651 | D:5      | Entered Level 5 of the Dungeon
  1773 | D:3      | Found a shimmering blue altar of Sif Muna.
  1773 | D:3      | Found a shimmering altar of Xom.
  2077 | D:3      | Gained mutation: A weak demonic guardian rushes to your
                  | aid. [demonic ancestry]
  2077 | D:3      | Reached XP level 6. HP: 29/49 MP: 6/6
  2401 | D:4      | Found a staircase to the Ecumenical Temple.
  2410 | Temple   | Entered the Ecumenical Temple
  2427 | Temple   | Became a worshipper of Qazlal Stormbringer
  2587 | D:4      | Found a sparkling altar of Nemelex Xobeh.
  2926 | D:4      | Reached skill level 1 in Invocations
  2993 | D:5      | Noticed Ijyb
  3010 | D:5      | Killed Ijyb
  3012 | D:5      | Reached skill level 1 in Dodging
  3037 | D:5      | Gained mutation: Spells you cast may paralyse adjacent
                  | enemies. [demonic ancestry]
  3037 | D:5      | Reached XP level 7. HP: 25/55 MP: 8/8
  3185 | D:6      | Reached skill level 5 in Axes
  3201 | D:6      | Found a sand-covered staircase.
  3210 | Ossuary  | Entered an ossuary
  3244 | Ossuary  | Reached * piety under Qazlal
  3412 | Ossuary  | Reached ** piety under Qazlal
  3892 | D:5      | Reached skill level 5 in Fighting
  3967 | D:5      | Gained mutation: You have claws for hands. [demonic
                  | ancestry]
  3967 | D:5      | Reached XP level 8. HP: 30/62 MP: 10/10
  4099 | D:6      | Found a transporter.
  4496 | D:5      | Found a runed translucent gate.
  4497 | D:5      | Found a runed translucent gate.
  4497 | D:5      | Found a runed translucent gate.
  4498 | D:5      | Found an opulent altar of Gozag.
  4499 | D:5      | Noticed hgbash's ghost (novice SpSh)
  4846 | D:5      | Reached *** piety under Qazlal
  5348 | D:6      | Noticed a kobold demonologist
  5435 | D:7      | Noticed Jeremiah
  5483 | D:6      | Found a transporter.
  5484 | D:6      | Noticed jejorda2's ghost (novice GnBe)
  5504 | D:6      | Found a transporter.
  5536 | D:6      | Found a transporter.
  5838 | D:6      | Reached skill level 5 in Invocations
  6079 | D:6      | Killed jejorda2's ghost
  6080 | D:6      | Reached skill level 5 in Armour
  6080 | D:6      | Gained mutation: You are partially covered in thin metallic
                  | scales. (AC +2) [demonic ancestry]
  6080 | D:6      | Reached XP level 9. HP: 30/69 MP: 5/13
  6338 | D:6      | Noticed an ice devil
  6754 | D:7      | Killed Jeremiah
  6833 | D:8      | Noticed a two-headed ogre
  6859 | D:8      | Killed a two-headed ogre
  7466 | D:7      | Reached skill level 1 in Evocations
  7559 | D:7      | Reached XP level 10. HP: 26/77 MP: 15/15
  8695 | D:9      | Reached **** piety under Qazlal
  8944 | D:8      | Found a runed translucent door.
  8945 | D:8      | Noticed arthad's ghost (journeyman TrSh)
  9209 | D:8      | Reached skill level 5 in Shields
  9656 | D:9      | Noticed Joseph
  9665 | D:9      | Killed Joseph
  9733 | D:10     | Entered Level 10 of the Dungeon
 10363 | D:9      | Reached XP level 11. HP: 84/84 MP: 17/17
 11061 | D:10     | Found a staircase to the Orcish Mines.
 11586 | D:10     | Reached skill level 10 in Axes
 11958 | D:11     | Noticed a two-headed ogre
 12157 | D:11     | Noticed Maurice
 12315 | D:11     | Killed Maurice
 12437 | D:11     | Noticed Josephine
 12452 | D:11     | Noticed a two-headed ogre
 12597 | D:10     | Killed a two-headed ogre
 12598 | D:10     | Reached skill level 10 in Invocations
 12791 | D:11     | Killed Josephine
 12911 | D:11     | Found Zezov's Book Boutique.
 13121 | D:11     | Killed a two-headed ogre
 13242 | D:11     | Found a staircase to the Lair.
 13461 | D:10     | HP: 1/86 [large slime creature (18)]
 13483 | D:10     | Reached skill level 1 in Throwing
 14008 | Lair:1   | Entered Level 1 of the Lair of Beasts
 14082 | Lair:1   | Gained mutation: You are mostly covered in thin metallic
                  | scales. (AC +3) [demonic ancestry]
 14082 | Lair:1   | Reached XP level 12. HP: 59/94 MP: 19/19
 14522 | Lair:2   | Found a dark tunnel.
 14532 | Volcano  | Entered a volcano
 14761 | Volcano  | Noticed a two-headed ogre
 14761 | Volcano  | Noticed a two-headed ogre
 14796 | Volcano  | Killed a two-headed ogre
 14799 | Volcano  | Killed a two-headed ogre
 14830 | Volcano  | Noticed an ogre mage
 14863 | Volcano  | Killed an ogre mage
 14890 | Volcano  | Noticed a red draconian
 14890 | Volcano  | Noticed a two-headed ogre
 15064 | Volcano  | Killed a two-headed ogre
 15303 | Volcano  | Found a radiant altar of Vehumet.
 15316 | Volcano  | Reached skill level 5 in Evocations
 15416 | Volcano  | Killed a red draconian
 15943 | Lair:3   | Noticed Urug
 16025 | Lair:3   | Noticed Fannar
 16036 | Lair:3   | Killed Fannar
 17031 | Lair:1   | Identified the amulet of the Salmon {Regen+ Str+3}
 17262 | Lair:1   | Reached XP level 13. HP: 98/103 MP: 21/21
 18522 | Lair:3   | You fall into a shaft and drop 2 floors!
 18522 | Lair:5   | Entered Level 5 of the Lair of Beasts
 18550 | Lair:3   | Found a staircase to the Swamp.
 18613 | Lair:4   | Reached skill level 10 in Fighting
 18835 | Lair:3   | Killed Urug
 19373 | Lair:3   | Found a staircase to the Snake Pit.
 19615 | Lair:3   | Identified a scroll of acquirement
 19615 | Lair:3   | Acquired the +8 plate armour "Vuicipli" {Harm rF- Str+4
                  | Int+4}
 19654 | Lair:3   | Found a runed translucent door.
 19654 | Lair:3   | Found a shimmering altar of Xom.
 19654 | Lair:3   | Noticed quinnr's ghost (journeyman TeAE)
 20141 | Lair:4   | Found a viscous altar of Jiyva.
 20142 | Lair:4   | Found a staircase to the Slime Pits.
 20478 | D:12     | Noticed Sonja
 20523 | D:12     | Killed Sonja
 21256 | D:1      | Bought a +4 ring of slaying for 858 gold pieces
 21603 | D:13     | Identified the +5 trident of the Breathing Coward {drain,
                  | rPois Int+6}
 21641 | D:13     | Found a runed translucent gate.
 21641 | D:13     | Found a runed translucent gate.
 21641 | D:13     | Found a runed translucent gate.
 21643 | D:13     | Gained mutation: You are completely covered in thin
                  | metallic scales. (AC +4, rElec) [demonic ancestry]
 21643 | D:13     | Reached XP level 14. HP: 113/113 MP: 23/23
 21674 | D:13     | Noticed a fire giant
 21682 | D:13     | Found a runed translucent gate.
 21682 | D:13     | Found a runed translucent gate.
 21682 | D:13     | Found a runed translucent gate.
 22703 | D:13     | Identified the +5 dire flail "Seuxel" {freeze, Fly rCorr
                  | Int+2}
 22857 | D:12     | Killed a fire giant
 23350 | D:14     | Upgraded the game from 0.31-a0-672-g7da72447bb to
                  | 0.31-a0-675-g238779eb0a
 23373 | D:14     | Found a gate to the Vaults.
 23383 | D:15     | Entered Level 15 of the Dungeon
 24338 | D:15     | Noticed Nessos
 24612 | D:15     | Killed from afar by a fire dragon

Illustrated notes

Levels and vault maps discovered:
D:1:      spicycebolla_arrival_clurvy, layout_loops_ring, serial_shops,
          nicolae_shop_window_shopping, shop, nicolae_shop_back_alley_shop,
          nicolae_shop_statue_plus, nicolae_lakefront_shop
D:2:      layout_basic, uniq_sigmund
D:3:      layout_basic, chequers_temple_overflow_statue_of_worship,
          basic_ecumenical_altar
D:4:      layout_cave_pools, lemuel_round_altar, minmay_temple_entry_trees
D:5:      kennysheep_steamy, layout_basic, ebering_ghost_gozag,
          chequers_decorated_corner, eino_small_chamber_without_monster,
          amcnicky_mini_corridor_feature, minmay_misc_feat_rugged, uniq_ijyb
D:6:      gammafunk_wand_slinger, layout_layer_cave, gammafunk_ghost_arena,
          nicolae_ossuary_entry_plus
D:7:      layout_basic, serial_park_tiny_pond, uniq_jeremiah
D:8:      layout_cave_pools, gammafunk_ghost_grave
D:9:      layout_basic, uniq_joseph
D:10:     layout_gridville, orc_0_dummy
D:11:     layout_basic, dpeg_oklobed_lair, serial_shops,
          nicolae_book_shop_shelving, uniq_maurice, uniq_josephine
D:12:     layout_rooms, gauntlet_entry_generic, uniq_sonja
D:13:     kennysheep_treasure_stockpile, layout_stronghold
D:14:     layout_big_octagon, chequers_serial_rivers_micro_a,
          hangedman_abyss_or_decor_lesser_grid, minmay_starry_boxes
D:15:     grunt_enter_depths_hoard, layout_basic, uniq_nessos
Temple:   nicolae_temple_bog_church
Lair:1:   layout_long_grid, minmay_hedge_maze, minmay_lair_oklob_items
Lair:2:   layout_chaotic_city, enter_volcano_1, chequers_serial_rivers_room_a,
          infiniplex_staircase_pool_2, serial_bayou_shore_a
Lair:3:   layout_big_grid, minmay_swamp_entry_reptiles,
          minmay_snake_entry_guardpost_small, ebering_ghost_xom, uniq_urug,
          uniq_fannar
Lair:4:   regret_index_wax_grids, layout_misc_corridors,
          dpeg_slime_entry_enclosed, nicolae_quartered_pool_super
Lair:5:   minmay_lair_end_frog_pond, layout_big_grid, serial_bayou_crossing

Skill      XL: |  1  2  3  4  5  6  7  8  9 10 11 12 13 14 |
---------------+-------------------------------------------+-----
Axes           | 3 4 5 7 8 9 10 11 13 | 13.9
Armour         | 3 4 5 6 7 8 9 |  9.3
Shields        | 3 4 5 6 7 8 |  8.5
Fighting       | 4 5 6 7 8 9 11 12 | 12.0
Invocations    | 2 3 5 7 9 10 11 13 | 13.9
Dodging        | 1 2 |  2.9
Evocations     | 1 3 5 7 8 |  8.1
Throwing       | 1 |  1.0

Action                     |  1- 3 |  4- 6 |  7- 9 | 10-12 | 13-15 || total
---------------------------+-------+-------+-------+-------+-------++-------
  Melee: War axe           |    55 |   128 |   299 |   349 |       ||   831
         Broad axe         |       |       |       |   248 |   455 ||   703
  Throw: Dart              |       |     4 |     6 |     5 |       ||    15
 Invoke: Upheaval          |       |       |     4 |     5 |     1 ||    10
         Elemental Force   |       |       |       |     6 |     1 ||     7
  Evoke: Wand              |       |       |     9 |    14 |     1 ||    24
         Lightning rod     |       |       |       |       |     1 ||     1
    Use: Scroll            |     3 |     2 |     7 |    16 |     9 ||    37
         Potion            |     1 |       |     5 |     6 |     2 ||    14
   Stab: Invisible         |       |       |     9 |       |       ||     9
         Distracted        |       |       |       |     1 |     1 ||     2
 Armour: Scale mail        |    37 |    17 |       |    79 |    69 ||   202
         Chain mail        |       |   109 |   287 |   214 |       ||   610
         Plate armour      |       |       |       |   271 |   457 ||   728
  Dodge: Dodged            |    19 |    57 |   129 |   229 |   177 ||   611
         Repelled          |       |       |       |     6 |     2 ||     8
  Block: Buckler           |     7 |    28 |   121 |   332 |   300 ||   788

Table legend: (Time is in decaauts)
 A = Elapsed time spent in this place.
 B = Non-inter-level travel time spent in this place.
 C = Inter-level travel time spent in this place.
 D = Time resting spent in this place.
 E = Time spent auto-exploring this place.
 F = Levels seen in this place.
 G = Mean time per level.
                   A        B        C        D        E       F      G
               +--------+--------+--------+--------+--------+-----+--------+
         Total |  24890 |  23691 |   1199 |   4444 |  11375 |  23 | 1082.2 |
       Dungeon |  17864 |  16774 |   1090 |   2622 |   8919 |  15 | 1190.9 |
        Temple |     46 |     46 |      0 |      0 |      0 |   1 |   46.0 |
          Lair |   5338 |   5229 |    109 |   1223 |   2343 |   5 | 1067.6 |
       Ossuary |    542 |    542 |      0 |     92 |     33 |   1 |  542.0 |
       Volcano |   1098 |   1098 |      0 |    506 |     80 |   1 | 1098.0 |
               +--------+--------+--------+--------+--------+-----+--------+

Top non-repeatable levels by time:
    D:10: 2032 daAuts
  Lair:2: 1847 daAuts
  Lair:1: 1811 daAuts
     D:6: 1747 daAuts
     D:9: 1677 daAuts
    D:13: 1409 daAuts
    D:11: 1385 daAuts
     D:5: 1365 daAuts
     D:7: 1296 daAuts
     D:8: 1253 daAuts
  Lair:3: 1236 daAuts
    D:14: 1100 daAuts
 Volcano: 1098 daAuts
     D:3: 1010 daAuts
     D:4: 858 daAuts
